 Dungeon Crawl Stone Soup version 0.26-a0-1205-g4083c211ab (webtiles) character file.

Game seed: 8631065701207993337

63 CurlyBrace the Sneak (level 3, -1/25 HPs)
             Began as a Felid Delver on Dec 29, 2020.
             Slain by a mummy (4 damage)
             ... in an ossuary.
             The game lasted 00:01:30 (101 turns).

CurlyBrace the Sneak (Felid Delver)                  Turns: 101, Time: 00:01:31

Health: -1/25      AC: 21    Str:  8    XL:     3   Next: 89%
Magic:  4/4        EV:  4    Int: 12    God:
Gold:   0          SH:  0    Dex: 17    Spells: 2/2 levels left
                                        Lives:  0   Deaths: 0

rFire    . . .     SeeInvis +     - Unarmed
rCold    . . .     Faith    .   (shield unavailable)
rNeg     + + +     Spirit   .   (armour unavailable)
rPois    +         Reflect  .   (helmet unavailable)
rElec    .         Harm     .   (cloak unavailable)
rCorr    .         Rampage  .   (gloves unavailable)
Will     .....     NoTele   +   (boots unavailable)
Stlth    ++++......             (no amulet)
HPRegen  0.08/turn              (no ring)
MPRegen  0.09/turn              (no ring)

@: tree-form, attractive, very slightly contaminated, hasted, invisible, very
quick
A: very small, no armour, no weapons or thrown items, stealth, see invisible
a: no special abilities


You were in an ossuary.
You were a tree.
You visited 1 branch of the dungeon, and saw 2 of its levels.
You also visited: Ossuary.

Inventory:

Wands
 v - a wand of digging (3)
Scrolls
 a - a scroll of fog
 c - a scroll of fear
 d - a scroll of identify {unknown}


   Skills:
 * Level 3.3 Fighting
 + Level 3.3 Dodging
 - Level 7.0 Stealth
 * Level 3.3 Unarmed Combat


You had 2 spell levels left.
You didn't know any spells.
Your spell library was empty.

Dungeon Overview and Level Annotations

Branches:
Dungeon (6/15)            Ossuary (1/1)
 Temple: D:4-7

Altars:


Innate Abilities, Weirdness & Mutations

You cannot wear armour.
You are incapable of wielding weapons or throwing items.
Your paws allow you to move quietly. (Stealth)
((You have sharp claws.))
((You have razor-sharp teeth.))
You have supernaturally acute eyesight. (SInv)
((You cover ground quickly.))
((You are covered in fur. (AC +1)))
((Your sharp claws are effective at attacking unaware monsters.))


Message History

The kobold zombie hits you but does no damage.
The mummy hits you but does no damage.
You catch the helpless mummy completely off-guard!
You hit the mummy.
The mummy is heavily damaged.
The kobold zombie hits you but does no damage. x2
The orc zombie hits you but does no damage.
You catch the helpless mummy completely off-guard!
You smack the mummy!
You destroy the mummy!
The kobold zombie barely misses you.
You pounce on the helpless mummy from behind!
You hit the mummy but do no damage. The kobold zombie barely misses you.
The kobold zombie hits you but does no damage.
The orc zombie completely misses you.
You pounce on the helpless mummy from behind!
You smack the mummy!
The mummy is heavily damaged.
The mummy hits you.
You die...

.........MM..##
#......MZ##'#
#......##..##
##....##....##
#....#......##
#....#......$#
#....#....?.$#
#....#...M.Z$#
#....#..ZZ♣$##
#....##..Z$Z#
#....##..?$##
#.∩∩.###.!$#
###### #####


You could see a mummy, a gnoll zombie, 3 kobold zombies and an orc zombie.

Vanquished Creatures
  5 mummies (Ossuary)
  A hobgoblin zombie (Ossuary)
6 creatures vanquished.

Notes
Turn   | Place    | Note
-------+----------+-------------------------------------------
     0 | D:5      | CurlyBrace the Felid Delver began the quest for the Orb.
     0 | D:5      | Reached XP level 1. HP: 10/10 MP: 2/2
    20 | D:6      | Noticed an ogre
    20 | D:6      | Noticed a bullfrog
    34 | D:6      | Found a sand-covered staircase.
    40 | Ossuary  | Entered an ossuary
    79 | Ossuary  | Reached XP level 2. HP: 14/14 MP: 3/3
    79 | Ossuary  | HP: 1/21 [mummy (11)]
    85 | Ossuary  | Reached skill level 7 in Stealth
    88 | Ossuary  | Reached XP level 3. HP: 2/17 MP: 4/4
   101 | Ossuary  | Slain by a mummy

Illustrated notes

Levels and vault maps discovered:
D:5:      layout_rooms, minitemple, minmay_temple_entry_statues_fountains
D:6:      layout_basic, zin_purify, general_overflow_altar, led_sif_pool,
          nicolae_ossuary_entry_plus, nicolae_tso_swordbearing_angel
Ossuary:  ossuary_tomb_3

Skill      XL: |  1  2 |
---------------+-------+-----
Dodging        | 3 |  3.3
Stealth        | 7 |  7.0
Unarmed Combat | 3 |  3.3
Fighting       | |  3.3

Action                   || total
-------------------------++-------
Melee: Unarmed           ||    31
  Use: Potion            ||     4
       Scroll            ||     1
 Stab: Invisible         ||    13
Armor: Skin              ||    36
Dodge: Dodged            ||    21

Table legend: (Time is in decaauts)
 A = Elapsed time spent in this place.
 B = Non-inter-level travel time spent in this place.
 C = Inter-level travel time spent in this place.
 D = Time resting spent in this place.
 E = Time spent auto-exploring this place.
 F = Levels seen in this place.
 G = Mean time per level.
                   A        B        C        D        E       F      G
               +--------+--------+--------+--------+--------+-----+--------+
         Total |     81 |     81 |      0 |      0 |      0 |   3 |   27.0 |
       Dungeon |     32 |     32 |      0 |      0 |      0 |   2 |   16.0 |
       Ossuary |     48 |     48 |      0 |      0 |      0 |   1 |   48.0 |
               +--------+--------+--------+--------+--------+-----+--------+

Top non-repeatable levels by time:
 Ossuary: 48 daAuts
     D:6: 31 daAuts
     D:5: 1 daAuts
